 Dungeon Crawl Stone Soup version 0.29.1-1-gd02db6906a (webtiles) character file.

Game seed: 5219711084586527306

177 fireball365 the Digger (level 5, 0/40 HPs)
             Began as a Demigod Earth Elementalist on Oct 7, 2022.
             Slain by an orc
             ... wielding a +0 club
              (3 damage)
             ... on level 3 of the Dungeon.
             The game lasted 00:10:44 (3009 turns).

fireball365 the Digger (Demigod Earth Elementalist) Turns: 3009, Time: 00:10:44

Health: 0/40       AC:  6    Str: 13    XL:     5   Next: 9%
Magic:  7/12       EV:  9    Int: 17    God:
Gold:   149        SH:  0    Dex: 14    Spells: 8/9 levels left

rFire   . . .      SeeInvis .   t - +0 falchion
rCold   . . .      Faith    .   (no shield)
rNeg    . . .      Spirit   .   g - +0 scale mail
rPois   .          Reflect  .   (no helmet)
rElec   .          Harm     .   (no cloak)
rCorr   .          Rampage  .   (no gloves)
Will    .....                   (no boots)
Stlth   +.........              (no amulet)
HPRegen 0.13/turn               (no ring)
MPRegen 0.13/turn               (no ring)

@: no status effects
A: high MP 1, forlorn, divine attributes
a: no special abilities


You were on level 3 of the Dungeon.
You visited 1 branch of the dungeon, and saw 3 of its levels.

You collected 149 gold pieces.

Inventory:

Hand Weapons
 l - a +0 short sword
 m - a +1 short sword of venom
 t - a +0 falchion (weapon)
 v - a +0 flail
Missiles
 d - 24 stones
Armour
 a - a +0 robe
 g - a +0 scale mail (worn)
Magical Staves
 h - a staff of air
Scrolls
 c - 3 scrolls of noise {unknown}
 f - a scroll of vulnerability {unknown}
 i - 3 scrolls of teleportation {unknown}
 k - a scroll of fog {unknown}
 p - 5 scrolls of identify {unknown}
 r - a scroll of amnesia {unknown}
 u - a scroll of fear {unknown}
Potions
 b - 2 potions of magic
 e - a potion of heal wounds {unknown}
 j - 2 potions of lignification {unknown}
 n - a potion of might {unknown}
 o - a potion of curing {unknown}
 q - a potion of flight {unknown}
 s - a potion of brilliance {unknown}


   Skills:
 + Level 1.1 Fighting
 + Level 1.0 Staves
 + Level 1.7 Armour
 + Level 2.0 Dodging
 + Level 1.7 Stealth
 + Level 2.9 Spellcasting
 + Level 0.8 Transmutations
 + Level 3.7 Earth Magic


You had 8 spell levels left.
You knew the following spells:

 Your Spells              Type           Power      Damage    Failure   Level
a - Sandblast             Erth           30%        2d9       17%         1

Your spell library contained the following spells:

 Spells                   Type           Power      Damage    Failure   Level
 Passwall                 Tmut/Erth      8%         N/A       43%         2
 Stone Arrow              Conj/Erth      16%        3d8       75%         3
 Petrify                  Tmut/Erth      10%        N/A       97%         4


Dungeon Overview and Level Annotations

Branches:
Dungeon (3/15)

Shops:
D:1 ?


Innate Abilities, Weirdness & Mutations

You have an increased reservoir of magic. (+10% MP)
You shall have no god before yourself.
Your divine heritage dramatically boosts your attributes as you level up.


Message History

* * * LOW HITPOINT WARNING * * *
The gnoll hits you with a +0 club.
* * * LOW HITPOINT WARNING * * *
You are too injured to fight recklessly!
Casting: Sandblast (safe; 19% risk of failure)
Confirm with . or Enter, or press ? or * to list all spells.
Aiming: Sandblast (safe; 19% risk of failure)
Press: ? - help, Shift-Dir - straight line, f - gnoll
Aim: a gnoll, wielding a +0 club (moderately wounded, 84% to hit)
You miscast Sandblast.
Nothing appears to happen.
The gnoll barely misses you.
Casting: Sandblast (safe; 19% risk of failure)
Confirm with . or Enter, or press ? or * to list all spells.
Aiming: Sandblast (safe; 19% risk of failure)
Press: ? - help, Shift-Dir - straight line, f/p - gnoll
Aim: a gnoll, wielding a +0 club (moderately wounded, 84% to hit)
The blast of sand hits the gnoll!
You kill the gnoll!
You see here a +0 club.
Things that are here:
a +0 flail; a gnoll corpse
v - a +0 flail Your magical contamination has completely faded away.
An orc comes into view. It is wielding a +0 club.
The orc shouts!
The orc hits you but does no damage. The orc completely misses you.
The orc barely misses you. The orc closely misses you.
The orc barely misses you. The orc barely misses you.
The orc hits you but does no damage. The orc barely misses you.
The orc barely misses you.
You closely miss the orc. The orc hits you but does no damage.
The orc hits you with a +0 club.
* * * LOW HITPOINT WARNING * * *
You hit the orc. Your punch misses the orc.
The orc is almost dead.
The orc hits you with a +0 club.
You die...

#.## #...$.. #..#
#.....# #### .....##
#).).##### ## #........
.# #...##### '####
#.......# ....##
##.o.....## .....###
##.)@.......
.......####
#....#######
....<.....# #..........
..........###..########
..........##...#
....#####.##...# #####
#>.....# #.###..# #.#
#..#


You could see an orc.

Vanquished Creatures
  3 gnolls (D:3)
  9 adders
  An ufetubus (D:3)
  3 worms
  A dart slug (D:2)
  2 orcs (D:3)
  8 ball pythons
  An endoplasm (D:3)
  4 giant cockroaches
  6 hobgoblins
  7 kobolds
  3 quokkas (D:3)
  3 bats
  A frilled lizard (D:3)
  A goblin (D:1)
  4 rats
57 creatures vanquished.

Notes
Turn   | Place    | Note
-------+----------+-------------------------------------------
     0 | D:1      | fireball365 the Demigod Earth Elementalist began the quest
                  | for the Orb.
     0 | D:1      | Reached XP level 1. HP: 14/14 MP: 5/5
   229 | D:1      | Found Kidugi Risui's Magic Scroll Emporium.
   673 | D:2      | Reached XP level 2. HP: 20/20 MP: 5/7
   681 | D:2      | Reached skill level 3 in Earth Magic
   820 | D:2      | Reached skill level 1 in Armour
   823 | D:2      | Reached XP level 3. HP: 11/26 MP: 0/9
  1661 | D:2      | Reached skill level 1 in Staves
  1661 | D:2      | Reached XP level 4. HP: 29/33 MP: 6/10
  2397 | D:3      | Reached skill level 1 in Fighting
  2981 | D:3      | Reached XP level 5. HP: 19/40 MP: 5/12
  3008 | D:3      | HP: 2/40 [orc/+0 club (4)]
  3009 | D:3      | Slain by an orc

Illustrated notes

Levels and vault maps discovered:
D:1:      dpeg_arrival_more_subterranean_lakeside_camping, layout_rooms,
          serial_shops, nicolae_square_shop, minmay_misc_feat_ornament
D:2:      layout_basic, corexii_hall_statues_x, nicolae_elevator_lobby_asterisk
D:3:      minmay_razor_zed, layout_basic, riverfiend_overflow_shadow_ancestor

Skill      XL: |  1  2  3  4 |
---------------+-------------+-----
Spellcasting   | 2 |  2.9
Earth Magic    | 3 |  3.7
Armour         | 1 |  1.7
Staves         | 1 |  1.0
Fighting       | 1 |  1.1
Dodging        | 2 |  2.0
Stealth        | |  1.7
Transmutations | |  0.8

Action                   |  1- 3 |  4- 6 || total
-------------------------+-------+-------++-------
Melee: Staff             |    34 |       ||    34
       Unarmed           |     5 |       ||     5
       Punch             |     1 |       ||     1
       Short sword       |    17 |    23 ||    40
       Falchion          |       |    14 ||    14
 Cast: Sandblast         |    28 |    45 ||    73
Armor: Scale mail        |    97 |    54 ||   151
Dodge: Dodged            |    84 |    60 ||   144
